 Dungeon Crawl Stone Soup version 0.22-a0-525-gf69a080 (webtiles) character file.

1402 kae the Insei (level 8, -14/61 HPs)
             Began as a Demonspawn Transmuter on June 20, 2018.
             Killed from afar by Dowan (23 damage)
             ... with a shard of ice
             ... on level 6 of the Dungeon.
             The game lasted 00:06:12 (6821 turns).

kae the Insei (Demonspawn Transmuter)               Turns: 6821, Time: 00:06:13

Health: -14/61     AC:  2    Str: 11    XL:     8   Next: 42%
Magic:  13/14      EV: 19    Int: 15    God:
Gold:   213        SH:  0    Dex: 20    Spells: 10/16 levels left

rFire    . . .     SeeInvis .     - Unarmed
rCold    . . .     Gourm    .   (shield currently unavailable)
rNeg     . . .     Faith    .   (armour currently unavailable)
rPois    x         Spirit   .   (helmet currently unavailable)
rElec    .         Reflect  .   (cloak currently unavailable)
rCorr    .         Harm     .   (gloves currently unavailable)
MR       .....                  (boots currently unavailable)
Stlth    +++.......             k - amulet of rage
HPRegen  0.20/turn              (no ring)
MPRegen  0.14/turn              (no ring)

@: spider-form (expiring)
A: tiny, nightstalker 1
a: End Transformation, Evoke Berserk Rage


You were on level 6 of the Dungeon.
You were not hungry.
You were a venomous arachnid creature.
You visited 1 branch of the dungeon, and saw 6 of its levels.
You also visited: Sewer.

You collected 363 gold pieces.
You spent 150 gold pieces at shops.

Inventory:

Missiles
 a - 63 arrows
Armour
 b - a +0 robe (melded)
 n - a +0 cloak (melded)
Jewellery
 e - a cursed -2 ring of protection {unknown}
 k - an amulet of rage (around neck)
Wands
 r - a wand of flame (44)
Scrolls
 f - 2 scrolls of remove curse
 g - 2 scrolls of fear
 i - 4 scrolls of teleportation
 m - 3 scrolls of identify
 q - a scroll of enchant weapon
 u - a scroll of amnesia {unknown}
 v - a scroll of enchant armour {unknown}
Potions
 c - 4 potions of flight
 h - a potion of ambrosia
 j - a potion of heal wounds
 l - a potion of haste
 o - 2 potions of curing
 p - a potion of berserk rage {unknown}
 s - a potion of brilliance {unknown}
Comestibles
 d - 9 rations
 t - 2 chunks of flesh


   Skills:
 + Level 4.6 Fighting
 - Level 1.7 Dodging
 * Level 6.6 Unarmed Combat
 + Level 4.6 Spellcasting
 + Level 4.5 Transmutations


You had 10 spell levels left.
You knew the following spells:

 Your Spells              Type           Power        Failure   Level  Hunger
a - Beastly Appendage     Tmut           ###...       10%         1    None
b - Sticks to Snakes      Tmut           ###.....     13%         2    ##.....
c - Spider Form           Tmut/Pois      ##........   41%         3    ###....

Your spell library contained the following spells:

 Spells                   Type           Power        Failure   Level  Hunger
 Blade Hands              Tmut           ###.......   78%         5    ######.
 Ice Form                 Ice/Tmut       ##......     75%         4    ####...


Dungeon Overview and Level Annotations

Branches:
Dungeon (6/15)
 Temple: D:4-7

Altars:
Gozag
Makhleb
Xom

Shops:
D:5 !

Annotations:
D:6 Dowan


Innate Abilities, Weirdness & Mutations

((You have a pair of antennae on your head.))
You are slightly more attuned to the shadows.
((You are mostly covered in sharp spines.))
((Your movements are slightly less encumbered by armour. (ER -2)))


Message History

* * * LOW HITPOINT WARNING * * *
Things that are here:
a short sword; a leather armour You barely miss Dowan.
Dowan is lightly wounded.
Dowan closely misses you.
You hit Dowan.
Dowan looks as sick as possible!
Dowan is moderately wounded.
Dowan hits you but does no damage. Dowan gestures at you while chanting.
The shard of ice misses you.
You feel much better. Dowan misses you.
You bite Dowan!
Dowan looks as sick as possible!
Dowan is almost dead.
Dowan casts a spell at you. The stone arrow hits you!
* * * LOW HITPOINT WARNING * * *
Dowan gestures at you while chanting. The shard of ice hits you!
You die...

#################
#.........se....$
#.#.#.###########
####.#.#.#
#........#
#..#.###.#
#..#.###.#
#........#
##.##.##.#####
#.##.##.....#


You could see Dowan.

Vanquished Creatures
  Grinder (D:3)
  Sigmund (D:4)
  Purgy (Sewer)
  Duvessa (D:6)
  An ogre (D:6)
  A scorpion (D:5)
  A howler monkey (D:4)
  A bullfrog zombie (D:6)
  3 hounds
  2 orc priests (D:5)
  Crazy Yiuf (D:3)
  4 orc wizards (D:5)
  3 worker ants (D:4)
  Terence (D:3)
  4 gnolls (D:5)
  10 adders
  2 oozes
  6 worms
  5 dart slugs
  5 leopard geckos
  15 orcs
  7 ball pythons
  14 bats
  6 giant cockroaches
  4 goblins (D:1)
  9 hobgoblins
  A quokka (D:4)
  4 frilled lizards
  7 kobolds
  8 rats
129 creatures vanquished.

Vanquished Creatures (collateral kills)
  A bat (D:2)
1 creature vanquished.

Grand Total: 130 creatures vanquished

Notes
Turn   | Place    | Note
-------+----------+-------------------------------------------
     0 | D:1      | kae the Demonspawn Transmuter began the quest for the Orb.
     0 | D:1      | Reached XP level 1. HP: 15/15 MP: 3/3
   267 | D:1      | Gained mutation: You have a pair of small antennae on your head. [demonic ancestry]
   267 | D:1      | Reached XP level 2. HP: 1/21 MP: 3/5
   601 | D:1      | Reached skill level 3 in Unarmed Combat
  1279 | D:2      | Gained mutation: Your movements are slightly less encumbered by armour. (ER -2) [demonic ancestry]
  1279 | D:2      | Reached XP level 3. HP: 21/26 MP: 4/6
  1328 | D:2      | Learned a level 2 spell: Sticks to Snakes
  1332 | D:2      | Learned a level 3 spell: Spider Form
  1896 | D:2      | Gained mutation: You have a pair of antennae on your head. [demonic ancestry]
  1896 | D:2      | Reached XP level 4. HP: 33/33 MP: 7/7
  1924 | D:2      | Found an opulent altar of Gozag.
  1983 | D:2      | Found a shimmering altar of Xom.
  2516 | D:3      | Noticed Grinder
  2530 | D:3      | Killed Grinder
  2530 | D:3      | Reached skill level 4 in Unarmed Combat
  2530 | D:3      | Reached XP level 5. HP: 23/39 MP: 3/9
  2530 | D:3      | Gained mutation: You are partially covered in sharp spines. [demonic ancestry]
  2530 | D:3      | Reached XP level 6. HP: 27/46 MP: 3/10
  2739 | D:3      | Noticed Terence
  2752 | D:3      | Killed Terence
  3564 | D:3      | Found a runed door.
  3679 | D:3      | Found a burning altar of Makhleb.
  3793 | D:3      | Noticed Crazy Yiuf
  3798 | D:3      | Killed Crazy Yiuf
  4821 | D:4      | Reached skill level 5 in Unarmed Combat
  4828 | D:4      | Gained mutation: You are slightly more attuned to the shadows. [demonic ancestry]
  4828 | D:4      | Reached XP level 7. HP: 46/52 MP: 9/12
  4977 | D:4      | Noticed Sigmund
  4990 | D:4      | Killed Sigmund
  5077 | D:5      | Entered Level 5 of the Dungeon
  5271 | D:5      | Found a glowing drain.
  5281 | Sewer    | Entered a sewer
  5308 | Sewer    | Noticed Purgy
  5326 | Sewer    | Killed Purgy
  5472 | D:5      | Found Nujiump's Distillery.
  5564 | D:5      | Gained mutation: You are mostly covered in sharp spines. [demonic ancestry]
  5564 | D:5      | Reached XP level 8. HP: 20/60 MP: 9/14
  5567 | D:5      | Reached skill level 6 in Unarmed Combat
  5813 | D:5      | Bought a potion of heal wounds for 50 gold pieces
  5813 | D:5      | Bought a potion of haste for 100 gold pieces
  6802 | D:6      | Noticed Duvessa
  6803 | D:6      | Noticed Dowan
  6813 | D:6      | Killed Duvessa
  6817 | D:6      | HP: 2/61 [Dowan/dagger of electrocution (18)]
  6821 | D:6      | Killed from afar by Dowan

Vault maps used:
D:1:      dpeg_arrival_radiant
D:2:      xom_teletrap_fun, nicolae_gozag_cash_rules_everything_around_me
D:3:      makhleb_blood_cavern_becter, uniq_terence, uniq_crazy_yiuf_cottage,
          uniq_grinder
D:4:      uniq_sigmund
D:5:      first_ration, serial_shops, nicolae_shop_waterfront,
          lightli_sewer_entry_pipes, kennysheep_generic_room_14
D:6:      marbit_many_paths, guppyfry_shop_venom, uniq_duvessa
Sewer:    sewer_big_baddie

Skill      XL: |  1  2  3  4  5  6  7  8 |
---------------+-------------------------+-----
Unarmed Combat | 3 4 5 6 |  6.6
Transmutations | 2 3 4 |  4.5
Fighting       | 2 3 4 |  4.6
Spellcasting   | 3 4 |  4.6
Dodging        | |  1.7

Action                   |  1- 3 |  4- 6 |  7- 9 || total
-------------------------+-------+-------+-------++-------
Melee: Unarmed           |   123 |   110 |   177 ||   410
       Kick              |    17 |     2 |       ||    19
       Punch             |       |     1 |     2 ||     3
 Cast: Beastly Appendage |    20 |     4 |       ||    24
       Sticks to Snakes  |     1 |     2 |       ||     3
       Spider Form       |       |    13 |    18 ||    31
  Use: Scroll            |     4 |     6 |     3 ||    13
       Potion            |       |       |     2 ||     2
 Stab: Sleeping          |     1 |     1 |     8 ||    10
       Distracted        |       |     2 |       ||     2
  Eat: Chunk             |     3 |     8 |     9 ||    20
       Ration            |       |     1 |       ||     1
Armor: Robe              |    43 |     7 |     2 ||    52
       Skin              |       |     1 |    26 ||    27
Dodge: Dodged            |   101 |    76 |    98 ||   275

Table legend:
 A = Spawn XP
 B = Non-spawn XP
 C = Spawn XP percentage of total XP
 D = Spawn monster count
 E = Non-spawn monster count
 F = Spawn count percentage of total count
 G = Total turns spent on level
                    A         B        C        D         E        F      G
               +---------+---------+-------+---------+---------+-------+---------
         Total |       0 |    2004 |   0.0 |       0 |     130 |   0.0 |  6821
               +---------+---------+-------+---------+---------+-------+---------
           D:1 |       0 |      34 |   0.0 |       0 |      20 |   0.0 |  1264
           D:2 |       0 |      77 |   0.0 |       0 |      23 |   0.0 |  1246
           D:3 |       0 |     456 |   0.0 |       0 |      22 |   0.0 |  1605
           D:4 |       0 |     399 |   0.0 |       0 |      15 |   0.0 |   962
           D:5 |       0 |     578 |   0.0 |       0 |      39 |   0.0 |  1275
           D:6 |       0 |     315 |   0.0 |       0 |       5 |   0.0 |   358
         Sewer |       0 |     145 |   0.0 |       0 |       6 |   0.0 |   111
               +---------+---------+-------+---------+---------+-------+---------
